 Dungeon Crawl Stone Soup version 0.28.0-53-g5a82cb258f (webtiles) character file.

Game seed: 12496917477114935188

501 cheechan the Chiller (level 7, 0/43 HPs)
             Began as an Octopode Ice Elementalist on June 9, 2022.
             Was an Initiate of the Shining One.
             Slain by a centaur warrior zombie (1 damage)
             ... on level 6 of the Dungeon.
             The game lasted 00:13:52 (3396 turns).

cheechan the Chiller (Octopode Ice Elementalist)    Turns: 3396, Time: 00:13:52

Health: 0/43       AC:  5    Str:  8    XL:     7   Next: 17%
Magic:  12/12      EV: 14    Int: 17    God:    the Shining One [......]
Gold:   124        SH:  0    Dex: 18    Spells: 9/13 levels left

rFire   + . .      SeeInvis .   o - +7 mace of Nehi {speed, Drain rElec rF+ Dex+4}
rCold   . . .      Faith    .   (no shield)
rNeg    . . .      Spirit   .   (helmet restricted)
rPois   .          Reflect  .   (no amulet)
rElec   +          Harm     .   h - ring of resist corrosion
rCorr   +          Rampage  .   m - +4 ring of protection
Will    .....                   (no ring)
Stlth   ++........              (no ring)
HPRegen 0.14/turn               (no ring)
MPRegen 0.13/turn               (no ring)
                                (no ring)
                                (no ring)

@: glowing
A: almost no armour, amphibious, 8 rings, camouflage 1, gelatinous body 1,
(nimble swimmer 1), tentacles
a: Renounce Religion


You were on level 6 of the Dungeon.
You worshipped the Shining One.
The Shining One was noncommittal.
You visited 2 branches of the dungeon, and saw 6 of its levels.

You collected 124 gold pieces.

Inventory:

Hand Weapons
 k - a +5 dagger of electrocution
 n - the +6 mace "Cisticwu" {venom, Will+}
   (You found it on level 2 of the Dungeon)

   It poisons the flesh of those it strikes.
   Will:      It increases your willpower.
 o - the +7 mace of Nehi (weapon) {speed, Drain rElec rF+ Dex+4}
   (You found it on level 2 of the Dungeon)

   Attacks with this weapon are significantly faster.
   Dex:       It affects your dexterity (+4).
   rF:        It protects you from fire.
   rElec:     It insulates you from electricity.
   Drain:     It drains your maximum health when unequipped.
 s - a +0 hand crossbow
Missiles
 c - 23 arrows
 d - 2 poisoned darts
 f - 77 stones (quivered)
 t - 11 bolts
 u - a throwing net
Jewellery
 h - a ring of resist corrosion (left tentacle)
 m - a +4 ring of protection (right tentacle)
Wands
 j - a wand of charming (6)
Scrolls
 b - 3 scrolls of teleportation
Potions
 a - a potion of mutation {unknown}
 e - 2 potions of heal wounds
 g - a potion of berserk rage
 q - a potion of brilliance
 r - a potion of curing
 v - a potion of cancellation {unknown}


   Skills:
 + Level 1.4 Fighting
 + Level 1.0 Short Blades
 + Level 2.9 Maces & Flails
 + Level 0.5 Throwing
 + Level 2.6 Dodging
 + Level 4.5 Stealth
 + Level 3.9 Spellcasting
 + Level 5.3 Ice Magic


You had 9 spell levels left.
You knew the following spells:

 Your Spells              Type           Power      Damage    Failure   Level
a - Freeze                Ice            84%        1d10      1%          1
b - Frozen Ramparts       Ice            42%        1d6       5%          3

Your spell library contained the following spells:

 Spells                   Type           Power      Damage    Failure   Level
 Ozocubu's Armour         Ice            21%        N/A       5%          3
 Hailstorm                Conj/Ice       12%        3d5       47%         4
 Ozocubu's Refrigeration  Ice            10%        4d7       100%        7


Dungeon Overview and Level Annotations

Branches:
Dungeon (4/15)             Temple (1/1) D:4

Altars:
Ashenzari
Cheibriados
Dithmenos
Elyvilon
Fedhas
Hepliaklqana
Kikubaaqudgha
Makhleb
Okawaru
Qazlal
Sif Muna
Trog
Vehumet
Wu Jian
Xom
Zin
The Shining One


Innate Abilities, Weirdness & Mutations

You cannot wear most types of armour.
You are amphibious.
You can wear up to eight rings at the same time.
Your skin changes colour to match your surroundings (Stealth+).
Your rubbery body absorbs attacks. (AC +1, EV +1)
((You are camouflaged when in or above water. (Stealth+)))
You have tentacles for arms and can constrict up to eight enemies at once.


Message History

The air around you briefly surges with heat, but it dissipates.
It was a scroll of immolation.
As you read the scroll labelled HEXZESK VOXOQ, it crumbles to dust.
It is a scroll of enchant weapon.
Your +4 dagger of electrocution glows red for a moment.
You open the door.
A centaur warrior zombie comes into view.
There is an open door here.
You hit the centaur warrior zombie.
The centaur warrior zombie is lightly damaged.
The centaur warrior zombie closely misses you.
The centaur warrior zombie kicks you but does no damage.
You hit the centaur warrior zombie. You squeeze the centaur warrior zombie!
The centaur warrior zombie is moderately damaged.
The centaur warrior zombie hits you but does no damage.
The centaur warrior zombie kicks you.
The centaur warrior zombie closely misses you. x2
You sock the centaur warrior zombie! You squeeze the centaur warrior zombie!
The centaur warrior zombie is heavily damaged.
The centaur warrior zombie hits you.
The centaur warrior zombie kicks you but does no damage.
You sock the centaur warrior zombie!
The centaur warrior zombie is heavily damaged.
The centaur warrior zombie hits you but does no damage.
The centaur warrior zombie kicks you but does no damage.
You hit the centaur warrior zombie. You squeeze the centaur warrior zombie.
The centaur warrior zombie is heavily damaged.
The centaur warrior zombie hits you!
The centaur warrior zombie kicks you but does no damage.
You thump the centaur warrior zombie!
The centaur warrior zombie is severely damaged.
The centaur warrior zombie hits you!
* * * LOW HITPOINT WARNING * * *
The centaur warrior zombie misses you.
You hit the centaur warrior zombie.
The centaur warrior zombie is severely damaged.
The centaur warrior zombie hits you.
* * * LOW HITPOINT WARNING * * *
The centaur warrior zombie kicks you.
You die...

######....##.##...##.#
..........##.###.###.#
#######.####.# #..##.#
## #.# #.# ##.##.# ..
##'## #.# #.##.# #.
##...###.####.##.#
#..#.....##.........#
#.........######.####
#....@.....# #...
#....Z.....+ ......
#..........####...##
#.........## #....
....#.....## #...#
....###...## #.#.#
.... ##+## ...


You could see a centaur warrior zombie.

Vanquished Creatures
  Grinder (D:3)
  A hound (D:4)
  Crazy Yiuf (D:2)
  Terence (D:2)
  Robin (D:2)
  8 gnolls
  4 adders
  3 worms
  3 dart slugs
  7 ball pythons
  7 bats
  5 endoplasms
  5 giant cockroaches
  16 goblins
  10 hobgoblins
  5 quokkas
  4 frilled lizards (D:1)
  8 kobolds
  4 rats
94 creatures vanquished.

Notes
Turn   | Place    | Note
-------+----------+-------------------------------------------
     0 | D:1      | cheechan the Octopode Ice Elementalist began the quest for
                  | the Orb.
     0 | D:1      | Reached XP level 1. HP: 11/11 MP: 3/3
    95 | D:1      | Reached XP level 2. HP: 7/17 MP: 1/5
   613 | D:1      | Reached XP level 3. HP: 14/21 MP: 1/6
   877 | D:2      | Noticed Terence
   903 | D:1      | Learned a level 3 spell: Frozen Ramparts
   910 | D:2      | Killed Terence
   932 | D:2      | Reached skill level 1 in Maces & Flails
   943 | D:2      | Found a faded altar of an unknown god.
   953 | D:2      | Noticed Robin
   972 | D:2      | Reached XP level 4. HP: 17/27 MP: 1/7
  1030 | D:2      | Killed Robin
  1091 | D:2      | Reached XP level 5. HP: 23/32 MP: 1/9
  1358 | D:2      | Found a broken altar of Ashenzari.
  1399 | D:2      | Identified the +7 mace of Nehi {speed, Drain rElec rF+
                  | Dex+4}
  1400 | D:2      | Identified the +6 mace "Cisticwu" {venom, Will+}
  1410 | D:2      | Found a runed translucent door.
  1411 | D:2      | Noticed Crazy Yiuf
  1421 | D:2      | Killed Crazy Yiuf
  1531 | D:3      | Noticed Grinder
  1534 | D:3      | Paralysed by Grinder for 2 turns
  1547 | D:3      | Paralysed by Grinder for 5 turns
  1572 | D:3      | Killed Grinder
  1573 | D:3      | Reached skill level 1 in Fighting
  1573 | D:3      | Reached skill level 1 in Short Blades
  1573 | D:3      | Reached skill level 5 in Ice Magic
  1573 | D:3      | Reached XP level 6. HP: 2/38 MP: 4/11
  1945 | D:3      | Found a shimmering blue altar of Sif Muna.
  2466 | D:4      | Found a staircase to the Ecumenical Temple.
  2476 | Temple   | Entered the Ecumenical Temple
  2642 | Temple   | Became a worshipper of the Shining One
  2895 | D:4      | Reached XP level 7. HP: 43/43 MP: 3/12
  3343 | D:4      | You fall into a shaft and drop 2 floors!
  3396 | D:6      | HP: 1/43 [centaur warrior zombie (2)]
  3396 | D:6      | Slain by a centaur warrior zombie

Illustrated notes

Levels and vault maps discovered:
D:1:      saegor_arrival_simple_b, layout_rooms, minmay_misc_feat_square
D:2:      layout_rooms, basic_altar, hellmonk_ecumenical_altar_run_dry,
          minivault_11, columned_hall_lemuel, uniq_crazy_yiuf_cottage,
          uniq_robin, uniq_terence
D:3:      wad_river_or_something, layout_rooms, nicolae_sif_muna_condensation,
          uniq_grinder
D:4:      layout_basic, minmay_temple_entry_arrows,
          chequers_serial_rivers_micro_e, uniq_blork_the_orc
D:6:      layout_loops_corners
Temple:   regret_index_temple_generic_petals

Skill      XL: |  1  2  3  4  5 |
---------------+----------------+-----
Stealth        | 3 4 |  4.5
Maces & Flails | 1 2 |  2.9
Spellcasting   | 3 |  3.9
Fighting       | 1 |  1.4
Short Blades   | 1 |  1.0
Ice Magic      | 5 |  5.3
Throwing       | |  0.5
Dodging        | |  2.6

Action                   |  1- 3 |  4- 6 |  7- 9 || total
-------------------------+-------+-------+-------++-------
Melee: Unarmed           |     4 |       |       ||     4
       Constrict         |     7 |    19 |     4 ||    30
       Dagger            |     2 |    10 |       ||    12
       Mace              |    25 |    51 |    24 ||   100
       Tentacles         |     5 |    12 |     9 ||    26
Throw: Dart              |       |     4 |       ||     4
       Stone             |       |     2 |       ||     2
 Cast: Freeze            |    22 |     9 |       ||    31
       Frozen Ramparts   |     3 |    10 |       ||    13
  Use: Scroll            |     2 |     5 |     3 ||    10
       Potion            |       |     1 |       ||     1
 Stab: Distracted        |     1 |       |       ||     1
       Sleeping          |     3 |     6 |       ||     9
Armor: Skin              |     6 |    12 |    10 ||    28
Dodge: Dodged            |    38 |    40 |    10 ||    88
